 Dungeon Crawl Stone Soup version 0.29-a0-284-gf9362112df (webtiles) character file.

Game seed: 16934513256486638189

130 yunder69 the Poker (level 4, 0/39 HPs)
             Began as a Minotaur Berserker on Mar 24, 2022.
             Was a Believer of Trog.
             Killed from afar by Natasha (7 damage)
             ... with a magic dart
             ... on level 2 of the Dungeon.
             The game lasted 00:03:03 (1941 turns).

yunder69 the Poker (Minotaur Berserker)             Turns: 1941, Time: 00:03:04

Health: 0/39       AC:  2    Str: 21    XL:     4   Next: 89%
Magic:  3/3        EV: 12    Int:  6    God:    Trog [**....]
Gold:   165        SH:  0    Dex: 10    Spells: 3/3 levels left

rFire   . . .      SeeInvis .   a - +0 spear
rCold   . . .      Faith    +   (no shield)
rNeg    . . .      Spirit   .   b - +0 animal skin
rPois   +          Reflect  .   (helmet restricted)
rElec   .          Harm     .   (no cloak)
rCorr   .          Rampage  .   (no gloves)
Will    .....                   (no boots)
Stlth   +.........              c - amulet of faith
HPRegen 0.13/turn               d - ring of poison resistance
MPRegen 0.08/turn               (no ring)

@: on berserk cooldown, slowed, very slow
A: horns 2, retaliatory headbutt
a: Renounce Religion, Berserk, Trog's Hand


You were on level 2 of the Dungeon.
You worshipped Trog.
Trog was pleased with you.
You visited 1 branch of the dungeon, and saw 2 of its levels.

You collected 165 gold pieces.

Inventory:

Hand Weapons
 a - a +0 spear (weapon)
 j - a +0 shortbow
 l - a +0 spear
Missiles
 k - 2 curare-tipped darts (quivered)
Armour
 b - a +0 animal skin (worn)
 i - a +0 ring mail
Jewellery
 c - an amulet of faith (around neck)
 d - a ring of poison resistance (left hand)
 f - a ring of protection from fire
Wands
 o - a wand of polymorph (2)
Scrolls
 g - a scroll of teleportation {unknown}
 h - a scroll of identify {unknown}
 n - a scroll of fog {unknown}
Potions
 e - a potion of attraction {unknown}
 m - a potion of curing {unknown}
 p - a potion of degeneration {unknown}


   Skills:
 - Level 3.6 Fighting
 + Level 6.2 Polearms
 - Level 2.4 Armour
 + Level 3.2 Dodging


You had 3 spell levels left.
You didn't know any spells.
Your spell library was empty.

Dungeon Overview and Level Annotations

Branches:
Dungeon (2/15)

Altars:

Annotations:
D:2 Natasha


Innate Abilities, Weirdness & Mutations

You have a pair of horns on your head.
You reflexively headbutt those who attack you in melee.


Message History

You closely miss the orc. Your punch misses the orc.
The orc hits you with a +0 whip. The frilled lizard barely misses you.
You puncture the orc!
You kill the orc!
Trog accepts your kill.
The frilled lizard bites you but does no damage.
Things that are here:
a +0 whip; an orc corpse You feel a strong urge to attack something.
The frilled lizard bites you. The frilled lizard closely misses you.
You hit the frilled lizard.
You kill the frilled lizard!
Trog accepts your kill.
You see here a frilled lizard corpse.
You feel a strong urge to attack something.
You are no longer berserk.
You are exhausted.
You feel yourself slow down.
You start resting.
Natasha, Servant of Life and Death comes into view.
Natasha is nearby!
Natasha is nearby!
Natasha is nearby!
Natasha hisses angrily.
Aiming: Polymorph
Press: ? - help, Shift-Dir - straight line, f - Natasha
Aim: Natasha (will become a steam dragon, a goblin, or a worm, chance to affect: 49%)
Okay, then.
Natasha claws you.
You hit Natasha. Your headbutt misses Natasha.
Natasha is lightly wounded.
Natasha claws you!
* * * LOW HITPOINT WARNING * * *
Natasha barely misses you.
You barely miss Natasha.
Natasha is lightly wounded.
Natasha casts a spell at you. The magic dart hits you!
You die...

#..........###..########
#.#).#######...........#
..#..+ ..#.)#..8..#..#
#.#..# #.#..##...##..#
#..... #.#..#######..##
#.#.... #....##...##...#
..#..... #...)#..8..#...#
#.#......#.#.)..........#
..#........†.h@.......#
.....############### ....
... .. .


You could see Natasha.

Vanquished Creatures
  An orc priest (D:2)
  Natasha (twice) (D:2)
  An adder (D:2)
  2 orcs (D:2)
  5 bats
  5 endoplasms
  4 giant cockroaches
  4 goblins
  2 hobgoblins (D:2)
  4 kobolds
  A quokka (D:1)
  4 ball pythons
  4 frilled lizards
  A rat (D:2)
40 creatures vanquished.

Notes
Turn   | Place    | Note
-------+----------+-------------------------------------------
     0 | D:1      | yunder69 the Minotaur Berserker began the quest for the
                  | Orb.
     0 | D:1      | Reached XP level 1. HP: 19/19 MP: 0/0
   135 | D:1      | Reached skill level 4 in Polearms
   280 | D:1      | Reached XP level 2. HP: 26/26 MP: 1/1
  1119 | D:2      | Reached skill level 5 in Polearms
  1340 | D:2      | Noticed Natasha
  1350 | D:2      | Killed Natasha
  1351 | D:2      | Reached XP level 3. HP: 24/31 MP: 2/2
  1409 | D:2      | Noticed Natasha
  1418 | D:2      | Killed Natasha
  1419 | D:2      | Reached XP level 4. HP: 30/39 MP: 3/3
  1826 | D:2      | Reached ** piety under Trog
  1834 | D:2      | Reached skill level 6 in Polearms
  1935 | D:2      | Noticed Natasha
  1941 | D:2      | Killed from afar by Natasha

Illustrated notes

Levels and vault maps discovered:
D:1:      minmay_arrival_jagged, layout_rooms, serial_park_tiny_pond,
          interstate_on_off
D:2:      layout_basic, minmay_fountain_box, dreamdust_wishing_well,
          minmay_crystal_room, grunt_decor_one_mirror,
          nicolae_concentric_dashed_squares_mild,
          minmay_misc_feat_secret_circle, chequers_jeans,
          mrwooster_statue_mirror, minmay_domino_4, uniq_natasha

Skill      XL: |  1  2  3  4 |
---------------+-------------+-----
Polearms       | 4 5 6 |  6.2
Dodging        | 3 |  3.2
Fighting       | |  3.6
Armour         | |  2.4

Action                   |  1- 3 |  4- 6 || total
-------------------------+-------+-------++-------
Melee: Spear             |    74 |    50 ||   124
       Headbutt          |    12 |     3 ||    15
       Punch             |     1 |     1 ||     2
Invok: Berserk           |     1 |     1 ||     2
 Stab: Distracted        |       |     1 ||     1
Armor: Animal skin       |     4 |     8 ||    12
Dodge: Dodged            |    32 |    14 ||    46

Table legend: (Time is in decaauts)
 A = Elapsed time spent in this place.
 B = Non-inter-level travel time spent in this place.
 C = Inter-level travel time spent in this place.
 D = Time resting spent in this place.
 E = Time spent auto-exploring this place.
 F = Levels seen in this place.
 G = Mean time per level.
                   A        B        C        D        E       F      G
               +--------+--------+--------+--------+--------+-----+--------+
         Total |   1941 |   1732 |    209 |    716 |    770 |   2 |  970.5 |
       Dungeon |   1941 |   1732 |    209 |    716 |    770 |   2 |  970.5 |
               +--------+--------+--------+--------+--------+-----+--------+

Top non-repeatable levels by time:
     D:1: 1098 daAuts
     D:2: 843 daAuts
